 Dungeon Crawl Stone Soup version 0.23.2-30-g0e89c35649 (webtiles) character file.

Game seed: 6967519299138631698

42 Mrkan the Skirmisher (level 3, -3/24 HPs)
             Began as a Gargoyle Fighter on June 24, 2019.
             Killed from afar by an orc wizard (8 damage)
             ... with a magic dart
             ... on level 3 of the Dungeon.
             The game lasted 00:02:12 (1727 turns).

Mrkan the Skirmisher (Gargoyle Fighter)             Turns: 1727, Time: 00:02:12

Health: -3/24      AC: 10    Str: 19    XL:     3   Next: 54%
Magic:  3/3        EV:  7    Int:  8    God:
Gold:   127        SH:  9    Dex: 10    Spells: 2/2 levels left

rFire    . . .     SeeInvis .   a - +0 flail
rCold    . . .     Gourm    .   c - +0 shield
rNeg     + . .     Faith    .   b - +0 scale mail
rPois    ∞         Spirit   .   (no helmet)
rElec    +         Reflect  .   (no cloak)
rCorr    .         Harm     .   (no gloves)
MR       .....                  (no boots)
Stlth    ..........             (no amulet)
HPRegen  0.08/turn              (no ring)
MPRegen  0.08/turn              (no ring)

@: slowed, very slow
A: negative energy resistance 1, electricity resistance, unbreathing,
petrification resistance, rot immunity, AC +3
a: no special abilities


You were on level 3 of the Dungeon.
You were not hungry.

You visited 1 branch of the dungeon, and saw 3 of its levels.

You collected 127 gold pieces.

Inventory:

Hand Weapons
 a - a +0 flail (weapon)
Armour
 b - a +0 scale mail (worn)
 c - a +0 shield (worn)
Jewellery
 j - a +2 ring of protection {unknown}
Wands
 l - a wand of random effects (15)
Scrolls
 h - 4 scrolls of identify {unknown}
 i - a scroll of fog {unknown}
 k - a scroll of blinking {unknown}
 n - 2 scrolls of remove curse {unknown}
 p - 2 scrolls of teleportation {unknown}
 q - a scroll of magic mapping {unknown}
Potions
 d - a potion of might
 e - a potion of invisibility {unknown}
 g - 2 potions of haste {unknown}
 m - a potion of lignification {unknown}
Comestibles
 f - 5 rations


   Skills:
 + Level 3.7 Fighting
 * Level 3.1 Maces & Flails
 - Level 3.2 Armour
 + Level 3.7 Shields


You had 2 spell levels left.
You didn't know any spells.
Your spell library was empty.

Dungeon Overview and Level Annotations

Branches:
Dungeon (3/15)

Altars:
Xom


Innate Abilities, Weirdness & Mutations

You are resistant to torment.
Your stone body is resilient. (AC +3)
You are immune to poison.
You resist negative energy. (rN+)
You are resistant to electric shocks. (rElec)
You can survive without breathing.
You are immune to petrification.
You are immune to rotting.


Message History

The orc wizard blinks!
The frilled lizard bites you but does no damage.
The orc wizard hits you but does no damage.
You closely miss the orc wizard.
The orc wizard is heavily wounded.
The orc wizard is no longer moving quickly.
You block the orc wizard's attack. The orc hits you but does no damage.
The orc wizard gestures at you while chanting.
The magic dart hits you.
The frilled lizard bites you but does no damage.
A goblin opens the door.
The orc hits you with a +0 hand axe.
* * * LOW HITPOINT WARNING * * *
The orc wizard casts a spell at you. The magic dart hits you.
* * * LOW HITPOINT WARNING * * *
The frilled lizard bites you.
* * * LOW HITPOINT WARNING * * *
The orc wizard casts a spell at you. The magic dart hits you!
You die...

....# ####....# .# .## ........#
.. ## ## #.. ........# .##.. ##..
#.# ........# .. #.....# #.#
........### ###. ##.##.# #.####
..).l...... ... .....#+#.....
....##.########g###.#......#
....(.........(o@o..#.....<+
#.###.###......lo...#......######
#.#...#........o....#...)†...)...
#.###.###...........')...........
....................#......######
....................#......#
#.###.###...........#......# #
#.. #...........##....##
###.###......)....##....#


You could see an orc wizard, 3 orcs, a goblin and a frilled lizard.

Vanquished Creatures
  An adder (D:2)
  A dart slug (D:1)
  A leopard gecko (D:1)
  An orc (D:3)
  4 goblins
  4 hobgoblins
  7 kobolds
  A ball python (D:2)
  3 bats
  2 frilled lizards
  6 rats
  2 butterflies (D:2)
33 creatures vanquished.

Notes
Turn   | Place    | Note
-------+----------+-------------------------------------------
     0 | D:1      | Mrkan the Gargoyle Fighter began the quest for the Orb.
     0 | D:1      | Reached XP level 1. HP: 14/14 MP: 1/1
   202 | D:1      | Reached XP level 2. HP: 19/19 MP: 2/2
   901 | D:2      | Reached XP level 3. HP: 21/23 MP: 3/3
  1085 | D:2      | Found a shimmering altar of Xom.
  1312 | D:2      | Found a faded altar of an unknown god.
  1727 | D:3      | Killed from afar by an orc wizard

Skill      XL: |  1  2  3 |
---------------+----------+-----
Maces & Flails | 3 |  3.1
Fighting       | |  3.7
Armour         | |  3.2
Shields        | |  3.7

Action                   || total
-------------------------++-------
Melee: Flail             ||   247
  Eat: Chunk             ||     3
Armor: Scale mail        ||    77
Dodge: Dodged            ||    44
Block: Shield            ||    84
